 Dungeon Sprint DCSS version 0.29.1-15-g9cfb28693d (webtiles) character file.

Game seed: 14598362535944943111

2296 Groucho the Protected (level 9, -1/89 HPs)
             Began as a Minotaur Fighter on Feb 25, 2023.
             Was a Priest of Cheibriados.
             Slain by a cyan ugly thing (14 damage)
             ... in the Dungeon (Sprint IX: "|||||||||||||||||||||||||||||").
             The game lasted 00:04:16 (935 turns).

Groucho the Protected (Minotaur Fighter)             Turns: 935, Time: 00:04:17

Health: -1/89      AC: 16    Str: 32    XL:     9   Next: 17%
Magic:  10/16      EV: 10    Int: 13    God:    Cheibriados [***...]
Gold:   0          SH:  8    Dex: 22    Spells: 8/8 levels left

rFire   . . .      SeeInvis .   m - +1 broad axe (freeze)
rCold   . . .      Faith    .   c - +0 buckler
rNeg    . . .      Spirit   .   p - +0 plate armour
rPois   .          Reflect  .   (helmet restricted)
rElec   .          Harm     .   o - +0 cloak
rCorr   .          Rampage  .   (no gloves)
Will    .....      NoTele   +   (no boots)
Stlth   ..........              (no amulet)
HPRegen 0.24/turn               q - +3 ring of strength
MPRegen 0.15/turn               r - +2 ring of evasion

@: very slow
A: horns 2, retaliatory headbutt
a: Renounce Religion, Bend Time, Temporal Distortion


You were in the Dungeon.
You worshipped Cheibriados.
Cheibriados was most pleased with you.
You visited 1 branch

Inventory:

Hand Weapons
 a - a +0 war axe
 m - a +1 broad axe of freezing (weapon)
 n - a +2 vorpal morningstar
Armour
 b - a +0 scale mail
 c - a +0 buckler (worn)
 o - a +0 cloak (worn)
 p - a +0 plate armour (worn)
Jewellery
 q - a +3 ring of strength (left hand)
 r - a +2 ring of evasion (right hand)
Wands
 l - a wand of acid (10)
Scrolls
 j - 2 scrolls of blinking
 k - 2 scrolls of amnesia
Potions
 d - a potion of might
 g - a potion of haste
 h - 4 potions of magic
 i - a potion of invisibility


   Skills:
 + Level 11.2 Fighting
 + Level 11.1 Axes
 + Level 11.3 Armour
 + Level 11.2 Shields
 * Level 11.2 Invocations


You had 8 spell levels left.
You didn't know any spells.
Your spell library was empty.

Dungeon Overview and Level Annotations

Branches:
Dungeon (1/1)

Altars:
Cheibriados
Dithmenos
Elyvilon
Fedhas
Gozag
Hepliaklqana
Kikubaaqudgha
Makhleb
Nemelex Xobeh
Okawaru
Qazlal
Ru
Sif Muna
Trog
Uskayaw
Vehumet
Wu Jian
Xom
Yredelemnul
Zin
The Shining One
Jiyva
Lugonu


Innate Abilities, Weirdness & Mutations

You have a pair of horns on your head.
You reflexively headbutt those who attack you in melee.


Message History

You can't see that place.
You can feel time thicken for a moment.
You can no longer inflict damage on those overly hasty.
Cheibriados lowers the support of your attributes as your movement quickens.
The cane toad stings you.
* * * LOW HITPOINT WARNING * * *
You are poisoned.
The cane toad poisons you! The cane toad stings you!
* * * LOW HITPOINT WARNING * * *
Unknown command.
You feel better.
The cane toad stings you but does no damage.
You feel better.
The cane toad stings you but does no damage.
Okay, then.
You are too injured to fight recklessly!
You are too injured to fight recklessly!
You are too injured to fight recklessly!
You slash the cane toad! You freeze the cane toad.
You kill the cane toad!
Cheibriados appreciates the change of pace.
The cane toad's shape twists and changes as it dies.
Your Axes skill increases to level 11!
Your Shields skill increases to level 11!
Your Invocations skill increases to level 11!
You slash the cyan ugly thing! You freeze the cyan ugly thing.
The cyan ugly thing is heavily wounded.
The cyan ugly thing misses you. You furiously retaliate!
You headbutt the cyan ugly thing, but do no damage.
You barely miss the cyan ugly thing.
Your headbutt misses the cyan ugly thing.
The cyan ugly thing is heavily wounded.
The cyan ugly thing barely misses you.
You hit the cyan ugly thing. You freeze the cyan ugly thing.
Your headbutt misses the cyan ugly thing.
The cyan ugly thing is heavily wounded.
The cyan ugly thing claws you!
* * * LOW HITPOINT WARNING * * *
The cyan ugly thing shocks you!
You die... ▓▓▓▓▓▓▓▓▓▓▓▓▓▓▓▓▓▓▓▓▓▓▓▓ ..)..[...)).....@u.....+ ▓▓▓▓▓▓▓▓▓▓▓▓▓▓▓▓▓▓▓▓▓▓▓▓

You could see a cyan ugly thing.

Vanquished Creatures
  A centaur warrior (D)
  A cane toad (shapeshifter) (D)
  A gargoyle (D)
  An unseen horror (D)
  A kobold demonologist (D)
  A komodo dragon (D)
  A yak (D)
  A shadow (D)
  An orc warrior (D)
  A centaur (D)
  A gnoll sergeant (D)
  2 jellies (D)
  2 gnolls (D)
  An adder (D)
  An orc (D)
  A giant cockroach (D)
  A goblin (D)
  A hobgoblin (D)
  A frilled lizard (D)
21 creatures vanquished.

Notes
Turn   | Place    | Note
-------+----------+-------------------------------------------
     0 | D        | Groucho the Minotaur Fighter began the quest for the Orb.
     0 | D        | Reached XP level 1. HP: 19/19 MP: 0/0
    12 | D        | Reached XP level 2. HP: 27/28 MP: 1/1
    21 | D        | Reached skill level 5 in Fighting
    21 | D        | Reached skill level 5 in Armour
    21 | D        | Reached skill level 5 in Shields
    24 | D        | Reached skill level 5 in Axes
    24 | D        | Reached XP level 3. HP: 37/37 MP: 2/2
    33 | D        | Reached XP level 4. HP: 33/44 MP: 3/3
   314 | D        | Found a snail-covered altar of Cheibriados.
   314 | D        | Found a shadowy altar of Dithmenos.
   314 | D        | Found a white marble altar of Elyvilon.
   314 | D        | Found a blossoming altar of Fedhas.
   314 | D        | Found an opulent altar of Gozag.
   315 | D        | Found a hazy altar of Hepliaklqana.
   316 | D        | Found a viscous altar of Jiyva.
   317 | D        | Found an ancient bone altar of Kikubaaqudgha.
   318 | D        | Found a corrupted altar of Lugonu.
   319 | D        | Found a burning altar of Makhleb.
   322 | D        | Became a worshipper of Cheibriados the Contemplative
   325 | D        | Found a sparkling altar of Nemelex Xobeh.
   326 | D        | Found an iron altar of Okawaru.
   327 | D        | Found a stormy altar of Qazlal.
   328 | D        | Found a sacrificial altar of Ru.
   329 | D        | Found a shimmering blue altar of Sif Muna.
   330 | D        | Found a bloodstained altar of Trog.
   331 | D        | Found a hide-covered altar of Uskayaw.
   332 | D        | Found a radiant altar of Vehumet.
   333 | D        | Found an ornate altar of the Wu Jian Council.
   334 | D        | Found a shimmering altar of Xom.
   335 | D        | Found a basalt altar of Yredelemnul.
   336 | D        | Found a glowing silver altar of Zin.
   337 | D        | Found a glowing golden altar of the Shining One.
   382 | D        | Noticed an orc warrior
   382 | D        | Noticed a shadow
   382 | D        | Noticed a centaur
   382 | D        | Noticed a yak
   382 | D        | Noticed a komodo dragon
   382 | D        | Noticed a gnoll sergeant
   386 | D        | Killed an orc warrior
   387 | D        | Reached XP level 5. HP: 34/52 MP: 3/6
   393 | D        | Killed a shadow
   394 | D        | Reached skill level 5 in Invocations
   394 | D        | Reached XP level 6. HP: 42/61 MP: 3/9
   395 | D        | Reached * piety under Cheibriados
   399 | D        | Killed a yak
   400 | D        | Reached XP level 7. HP: 41/69 MP: 4/11
   408 | D        | Killed a komodo dragon
   408 | D        | Reached ** piety under Cheibriados
   905 | D        | Noticed a kobold demonologist
   905 | D        | Noticed a gargoyle
   905 | D        | Noticed a centaur warrior
   905 | D        | Noticed a cane toad
   905 | D        | Noticed a cyan ugly thing
   911 | D        | Killed a kobold demonologist
   912 | D        | Reached skill level 10 in Fighting
   912 | D        | Reached skill level 10 in Armour
   912 | D        | Reached XP level 8. HP: 78/79 MP: 13/13
   918 | D        | Killed a gargoyle
   918 | D        | Reached *** piety under Cheibriados
   919 | D        | Reached skill level 10 in Axes
   919 | D        | Reached skill level 10 in Shields
   919 | D        | Killed an unseen horror
   928 | D        | Killed a centaur warrior
   928 | D        | Reached **** piety under Cheibriados
   929 | D        | Reached skill level 10 in Invocations
   929 | D        | Reached XP level 9. HP: 23/89 MP: 14/16
   932 | D        | Killed a cane toad
   935 | D        | Slain by a cyan ugly thing

Illustrated notes

Levels and vault maps discovered:
D:        linesprint [early_d, line_temple, items_1, d_10, items_2, lair_1,
          lair_end, items_3, orc_1, orc_end, items_4, d_15, swamp_1, shoals_1,
          snake_1, spider_1, d_20, vaults_1, items_5, swamp_end, shoals_end,
          snake_end, spider_end, vaults_end, d_27, items_6, zot_1, zot_end,
          crypt_end, forest_end, elf_end, slime_end, tomb_end, abyss_end,
          pan_hell_end]

Skill      XL: |  1  2  3  4  5  6  7  8  9 |
---------------+----------------------------+-----
Fighting       | 4 5 7 8 10 11 | 11.2
Armour         | 4 5 7 8 10 11 | 11.3
Shields        | 4 5 7 8 9 10 11 | 11.2
Axes           | 3 5 6 7 8 9 10 11 | 11.1
Invocations    | 3 5 7 9 10 11 | 11.2

Action                   |  1- 3 |  4- 6 |  7- 9 || total
-------------------------+-------+-------+-------++-------
Melee: War axe           |    19 |     3 |       ||    22
       Headbutt          |     3 |     3 |    11 ||    17
       Broad axe         |       |    17 |    31 ||    48
Invok: Slouch            |       |       |     1 ||     1
  Use: Potion            |     1 |       |     8 ||     9
Armor: Scale mail        |     8 |     2 |       ||    10
       Plate armour      |       |     6 |    20 ||    26
Dodge: Dodged            |    11 |     5 |     9 ||    25
Block: Buckler           |     2 |     5 |    14 ||    21
